AoeStats
← ChotoPilot

Arena

510064948Analyzed
3v3 RM · 4d ago on Sep 29, 2026· 26m 42s· 6 players
Game mode
Random Map
Map size
Normal (6 player)
Population
200
Speed
Normal
Resources
Standard
Victory
Conquest
Starting age
Dark Age
Ending age
Imperial Age
RankedLock teamsTeams togetherTeam positionsShared explorationLock speedFull tech treeHidden civsTurbo modeCheats
Victory
Defeat
🇧🇩 Malians · Bangladesh
770
+14
🇧🇩 Magyars · Bangladesh
758
+14
🇧🇩 Romans · Bangladesh
755
+14
🇳🇿 Celts · New Zealand
766
-16
🇦🇺 Italians · Australia
718
-14
🇩🇪 Hindustanis · Germany
665
-12
fat sandwiches
11:06 Feudal Age
15:53 Castle Age
14:30 Double-Bit Axe
15:42 Horse Collar
22:38 Stone Mining
26:05 Wheelbarrow
25:21 Town Watch
26:51 Squires
mleit
5:15 Loom
10:45 Feudal Age
16:22 Castle Age
16:21 Horse Collar
25:28 Heavy Plow
Lord Humungus
0:31 Loom
13:31 Feudal Age
15:11 Wheelbarrow
14:22 Horse Collar
14:29 Double-Bit Axe
14:37 Gold Mining
14:40 Stone Mining
24:50 Forging
24:41 Scale Mail Armor
27:06 Castle Age
25:57 Arson
Ashura
10:27 Feudal Age
11:44 Loom
14:28 Castle Age
13:51 Wheelbarrow
13:06 Double-Bit Axe
16:06 Squires
22:58 Horse Collar
bk1400
1:12 Loom
10:46 Feudal Age
13:43 Scale Barding Armor
14:47 Double-Bit Axe
19:10 Horse Collar
19:30 Fletching
19:40 Padded Archer Armor
20:57 Bloodlines
23:58 Castle Age
25:41 Husbandry
27:09 Scale Mail Armor
ChotoPilot
2:03 Loom
11:10 Feudal Age
11:43 Double-Bit Axe
12:37 Wheelbarrow
11:46 Horse Collar
12:00 Gold Mining
18:28 Castle Age
16:50 Stone Mining
17:58 Scale Mail Armor
18:09 Forging
19:31 Hand Cart
19:28 Man-at-Arms
21:03 Heavy Plow
Connection lost

Rejoining the realm…

Still unreachable

The connection could not be restored.

Session expired

The server has moved on; the page needs a fresh start.